 Dungeon Crawl Stone Soup version 0.24-a0-521-g122614bf49 (webtiles) character file.

Game seed: 17679499895088698916

203 Mithandil the Conjurer (level 5, -8/28 HPs)
             Began as a Deep Elf Conjurer on July 30, 2019.
             Mangled by an iguana (13 damage)
             ... on level 4 of the Dungeon.
             The game lasted 00:21:57 (3880 turns).

Mithandil the Conjurer (Deep Elf Conjurer)          Turns: 3880, Time: 00:21:57

Health: -8/28      AC:  3    Str:  6    XL:     5   Next: 51%
Magic:  10/14      EV: 14    Int: 20    God:
Gold:   125        SH:  0    Dex: 15    Spells: 3/14 levels left

rFire    . . .     SeeInvis .   b - +0 short sword
rCold    . . .     Gourm    .   (no shield)
rNeg     . . .     Faith    .   k - +0 leather armour
rPois    .         Spirit   .   (no helmet)
rElec    .         Reflect  .   (no cloak)
rCorr    .         Harm     .   (no gloves)
MR       .....                  (no boots)
Stlth    ++........             (no amulet)
HPRegen  0.09/turn              n - +1 ring of evasion
MPRegen  0.14/turn              (no ring)

@: no status effects
A: no striking features
a: no special abilities


You were on level 4 of the Dungeon.
You were not hungry.

You visited 1 branch of the dungeon, and saw 4 of its levels.

You collected 125 gold pieces.

Inventory:

Hand Weapons
 a - a +0 dagger
 b - a +0 short sword (weapon)
 r - a +1 mace of protection
Missiles
 e - 27 arrows
 p - 4 boomerangs (quivered)
 q - 2 poisoned darts
Armour
 k - a +0 leather armour (worn)
Jewellery
 n - a +1 ring of evasion (left hand)
Wands
 s - a wand of polymorph (7)
Scrolls
 f - a scroll of random uselessness {unknown}
 g - 4 scrolls of identify
 i - 2 scrolls of amnesia {unknown}
 o - a scroll of teleportation {unknown}
Potions
 d - a potion of heal wounds {unknown}
 h - 2 potions of invisibility
 j - 2 potions of curing {unknown}
 l - 2 potions of lignification {unknown}
Comestibles
 c - 10 rations
 m - 3 chunks of flesh


   Skills:
 + Level 0.4 Short Blades
 + Level 3.4 Dodging
 + Level 3.8 Stealth
 * Level 5.0 Spellcasting
 * Level 5.5 Conjurations
 + Level 0.2 Translocations


You had 3 spell levels left.
You knew the following spells:

 Your Spells              Type           Power        Failure   Level  Hunger
a - Magic Dart            Conj           ####         1%          1    None
b - Searing Ray           Conj           ####..       2%          2    None
c - Force Lance           Conj/Tloc      ###.....     50%         4    ####...
d - Iskenderun's Mystic   Conj           ####....     19%         4    ####...

Your spell library contained the following spells:

 Spells                   Type           Power        Failure   Level  Hunger
 Dazzling Spray           Conj/Hex       ###...       17%         3    ##.....
 Fulminant Prism          Conj/Hex       ###.......   50%         4    ####...


Dungeon Overview and Level Annotations

Branches:
Dungeon (4/15)
 Temple: D:4-7

Altars:
Ashenzari


Message History

The iguana is almost dead.
The iguana barely misses you.
You closely miss the iguana.
The iguana is almost dead.
The iguana closely misses you.
You hit the iguana but do no damage.
The iguana is almost dead.
The iguana barely misses you.
You hit the iguana but do no damage.
The iguana is almost dead.
The iguana bites you.
* * * LOW HITPOINT WARNING * * *
The iguana misses you.
You hit the iguana but do no damage.
The iguana is almost dead.
The iguana barely misses you.
You hit the iguana but do no damage.
The iguana is severely wounded.
The iguana bites you!
You die...

###### #.l@.#
......##.#
######.#.#
#######.##..#.#
#...........#.#
#.########.##.#
#.# #.......#
#####.#
#.##.####
#.....# #....#


You could see an iguana.

Vanquished Creatures
  Terence (D:2)
  3 adders
  3 gnolls (D:2)
  An ooze (D:3)
  2 worms
  An adder skeleton (D:4)
  3 dart slugs (D:2)
  3 leopard geckos
  10 orcs
  2 giant cockroaches
  3 goblins
  9 hobgoblins
  4 jackals (D:1)
  3 quokkas (D:3)
  4 ball pythons
  12 bats
  2 frilled lizards
  19 kobolds
  12 rats
97 creatures vanquished.

Vanquished Creatures (others)
  A plant (D:1)
1 creature vanquished.

Grand Total: 98 creatures vanquished

Notes
Turn   | Place    | Note
-------+----------+-------------------------------------------
     0 | D:1      | Mithandil the Deep Elf Conjurer began the quest for the
                  | Orb.
     0 | D:1      | Reached XP level 1. HP: 10/10 MP: 6/6
   308 | D:2      | Reached XP level 2. HP: 4/15 MP: 1/8
   762 | D:1      | Learned a level 2 spell: Searing Ray
  1133 | D:1      | Reached XP level 3. HP: 19/19 MP: 6/10
  2101 | D:2      | Reached skill level 5 in Conjurations
  2151 | D:2      | Reached XP level 4. HP: 23/24 MP: 8/12
  2322 | D:2      | Found a shattered altar of Ashenzari.
  2479 | D:2      | Learned a level 4 spell: Force Lance
  2484 | D:2      | Learned a level 4 spell: Iskenderun's Mystic Blast
  2839 | D:2      | Noticed Terence
  2850 | D:2      | Killed Terence
  3133 | D:3      | Reached XP level 5. HP: 28/28 MP: 11/14
  3641 | D:3      | Reached skill level 5 in Spellcasting
  3880 | D:4      | Mangled by an iguana

Levels and vault maps discovered:
D:1:      minmay_arrival_up_and_down, layout_basic, minmay_misc_feat_diagonals,
          lexackson_kobold_supper
D:2:      minmay_general_purpose_star, layout_basic, lemuel_round_altar,
          first_ration, hangedman_glass_teeth, minmay_pentomino_z4, uniq_terence
D:3:      layout_loops_ring, nicolae_ru_path_of_blood, serial_bayou,
          serial_bayou_crossing, serial_bayou_pond_c, serial_bayou_shore_b,
          serial_bayou_pond_a
D:4:      layout_basic, minitemple, nicolae_ossuary_entry_catacombs,
          serial_shops, kennysheep_mini

Skill      XL: |  1  2  3  4  5 |
---------------+----------------+-----
Stealth        | 3 |  3.8
Spellcasting   | 4 5 |  5.0
Conjurations   | 5 |  5.5
Dodging        | 3 |  3.4
Short Blades   | |  0.4
Translocations | |  0.2

Action                   |  1- 3 |  4- 6 || total
-------------------------+-------+-------++-------
Melee: Short sword       |    70 |    29 ||    99
 Cast: Magic Dart        |    62 |    53 ||   115
       Searing Ray       |       |    20 ||    20
  Use: Scroll            |     2 |     2 ||     4
 Stab: Sleeping          |     3 |     1 ||     4
       Distracted        |     1 |       ||     1
  Eat: Chunk             |     4 |     5 ||     9
Armor: Robe              |     9 |       ||     9
       Leather armour    |     5 |     3 ||     8
Dodge: Dodged            |    46 |    33 ||    79

Table legend:
 A = Non-vault XP
 B = Vault XP
 C = Vault XP percentage of total XP
 D = Non-vault monster count
 E = Vault monster count
 F = Vault count percentage of total count
                 A         B        C        D         E       F
            +---------+---------+-------+---------+---------+-------
      Total |     226 |      65 |  22.3 |      81 |      16 |  16.5
            +---------+---------+-------+---------+---------+-------
        D:1 |      43 |      13 |  23.2 |      25 |       8 |  24.2
        D:2 |      83 |      52 |  38.5 |      22 |       8 |  26.7
        D:3 |      82 |       0 |   0.0 |      28 |       0 |   0.0
        D:4 |      18 |       0 |   0.0 |       6 |       0 |   0.0
            +---------+---------+-------+---------+---------+-------
